 Dungeon Crawl Stone Soup version 0.30-a0-223-gcb0039aa0c (webtiles) character file.

Game seed: 13993533800494497990

194 qw the Chopper (level 5, 0/33 HPs)
             Began as a Gargoyle Fighter on Oct 9, 2022.
             Killed by divine providence
             ... invoked by an orc priest
              (12 damage)
             ... on level 4 of the Dungeon.
             The game lasted 00:01:16 (2586 turns).

qw the Chopper (Gargoyle Fighter)                   Turns: 2586, Time: 00:01:17

Health: 0/33       AC: 20    Str: 20 (22) XL:     5   Next: 73%
Magic:  5/5        EV:  9    Int:  9 (10) God:
Gold:   196        SH:  4    Dex:  8 (11) Spells: 4/4 levels left

rFire   + + .      SeeInvis .    Y - +0 war axe (freeze)
rCold   . . .      Faith    .    c - +0 buckler
rNeg    + + .      Spirit   .    i - +2 scale mail {rF+}
rPois   inf        Reflect  .    (no helmet)
rElec   +          Harm     .    (no cloak)
rCorr   .          Rampage  .    b - +2 pair of gloves of Winter {rF+ Int+2 Dex+2}
Will    .....                    (no boots)
Stlth   ..........               (no amulet)
HPRegen 0.25/turn                m - ring of positive energy
MPRegen 0.09/turn                o - +4 ring of protection

@: no status effects
A: sickness immunity, AC +4, negative energy resistance 1, electricity
resistance, torment resistance 1, petrification resistance
a: no special abilities


You were on level 4 of the Dungeon.
You visited 1 branch of the dungeon, and saw 4 of its levels.

You collected 196 gold pieces.


Innate Abilities, Weirdness & Mutations

You are immune to sickness and miasma.
Your stone body is resilient. (AC +4)
You are immune to poison.
You resist negative energy. (rN+)
You are resistant to electric shocks. (rElec)
You are resistant to unholy torment.
You are immune to petrification.


   Skills:
 + Level 3.8 Fighting
 - Level 5.0 Axes
 - Level 3.2 Armour
 - Level 3.2 Shields


You had 4 spell levels left.
You didn't know any spells.
Your spell library was empty.

Inventory:

Hand Weapons
 f - a +0 flail
 Y - a +0 war axe of freezing (weapon)
Armour
 b - the +2 pair of gloves of Winter (worn) {rF+ Int+2 Dex+2}
   (You found it on level 3 of the Dungeon)

   Int:       It affects your intelligence (+2).
   Dex:       It affects your dexterity (+2).
   rF:        It protects you from fire.
 c - a +0 buckler (worn)
 i - a +2 scale mail of fire resistance (worn)
Jewellery
 m - a ring of positive energy (left hand)
 o - a +4 ring of protection (right hand)
Scrolls
 a - 3 scrolls of identify
 g - 2 scrolls of teleportation
 h - a scroll of torment {unknown}
Potions
 d - a potion of might
 e - a potion of attraction
 j - 4 potions of curing
 l - a potion of lignification

Dungeon Overview and Level Annotations

Branches:
Dungeon (4/15)
 Temple: D:4-7

Altars:

Shops:
D:1 =


Message History

You closely miss the orc. The orc hits you but does no damage.
The orc barely misses you.
You hit the orc. You freeze the orc.
The orc is almost dead.
You hit the orc. You freeze the orc.
You kill the orc!
The orc hits you but does no damage.
You slash the orc! You freeze the orc.
You kill the orc!
You hit the orc but do no damage.
The orc hits you with a +1 short sword of electrocution.
You block the orc's attack.
You barely miss the orc. You barely miss the orc.
The orc priest mumbles some strange prayers to Beogh against you.
Beogh smites you! The orc hits you but does no damage.
You closely miss the orc. The orc hits you but does no damage.
The orc hits you with a +1 short sword of electrocution.
The orc priest hits you but does no damage.
You slash the orc priest! You freeze the orc priest.
The orc priest is severely wounded.
You closely miss the orc.
The orc priest hits you but does no damage.
The orc hits you with a +1 short sword of electrocution.
You barely miss the orc priest.
The orc priest is severely wounded.
You hit the orc but do no damage.
The orc priest mumbles some strange prayers to Beogh against you.
Pain shoots through your body! The orc hits you but does no damage.
You barely miss the orc priest.
The orc priest is severely wounded.
You hit the orc. You freeze the orc.
You kill the orc!
The orc priest hits you but does no damage.
You hit the orc priest. You freeze the orc priest.
The orc priest is severely wounded.
The orc priest calls down the wrath of Beogh upon you.
Beogh smites you!
You die...

### .....#####
.......o)#
.......#@#
.......#.#
..o..oo#.#
..ooo..#.#
.......#.#
#.......#.#
#.......#.#######
#. #........ .#
#$
##.##########.#


You could see an orc priest.

Vanquished Creatures
  An orc priest (D:3)
  Jessica (D:3)
  2 river rats (D:3)
  2 adders
  4 dart slugs
  11 orcs
  8 ball pythons
  11 endoplasms
  4 giant cockroaches
  5 goblins
  5 hobgoblins
  3 jackals (D:1)
  5 kobolds
  4 quokkas
  3 bats
  4 frilled lizards
  9 rats
82 creatures vanquished.

Notes
Turn   | Place    | Note
-------+----------+-------------------------------------------
     0 | D:1      | qw the Gargoyle Fighter began the quest for the Orb.
     0 | D:1      | Reached XP level 1. HP: 14/14 MP: 1/1
     0 | D:1      | 0 ||| qw: Version: 0.2-a-17-g06abaee
     0 | D:1      | 0 ||| qw: Game counter: 2234
     0 | D:1      | 0 ||| qw: Always use a shield: true
     0 | D:1      | 0 ||| qw: God list: Okawaru
     0 | D:1      | 0 ||| qw: Allow faded altars: false
     0 | D:1      | 0 ||| qw: Do Orc after D:15 true
     0 | D:1      | 0 ||| qw: Do second Lair branch before Depths: true
     0 | D:1      | 0 ||| qw: Lair rune preference: random
     0 | D:1      | 0 ||| qw: Plans: Normal, Zot:1-4, God:TSO, Crypt, Tomb,
                  | Pan, Slime:5, Hells, Abyss, Orb
     0 | D:1      | 0 ||| PLANNING D:1-11
    39 | D:1      | Reached skill level 2 in Axes
    74 | D:1      | Found Jynoc's Jewellery Emporium.
    85 | D:1      | 85 ||| SHOPLISTING +4 ring of protection (360 gold, have
                  | 0).
    85 | D:1      | 85 ||| SHOPLISTING +6 ring of strength (360 gold, have 0).
    85 | D:1      | 85 ||| SHOPLISTING amulet of guardian spirit (300 gold,
                  | have 0).
    85 | D:1      | 85 ||| SHOPLISTING amulet of reflection (300 gold, have 0).
    85 | D:1      | 85 ||| SHOPLISTING ring "Eleuv" {Str+4 Slay+4} (934 gold,
                  | have 0).
    85 | D:1      | 85 ||| SHOPLISTING ring of resist corrosion (200 gold, have
                  | 0).
    85 | D:1      | 85 ||| SHOPLISTING ring of see invisible (150 gold, have
                  | 0).
    85 | D:1      | 85 ||| SHOPLISTING ring of willpower (250 gold, have 0).
   119 | D:1      | Reached XP level 2. HP: 19/19 MP: 2/2
   137 | D:1      | 137 ||| Stepping ~*~*~tactically~*~*~ (stealth).
   139 | D:1      | 139 ||| Stepping ~*~*~tactically~*~*~ (stealth).
   222 | D:1      | 222 ||| Stepping ~*~*~tactically~*~*~ (stealth).
   230 | D:1      | 230 ||| Stepping ~*~*~tactically~*~*~ (stealth).
   421 | D:1      | Reached skill level 3 in Axes
   465 | D:1      | 465 ||| Stepping ~*~*~tactically~*~*~ (stealth).
   470 | D:1      | Reached XP level 3. HP: 23/23 MP: 3/3
   477 | D:1      | 477 ||| Stepping ~*~*~tactically~*~*~ (stealth).
   778 | D:1      | 778 ||| READING 2 scrolls labelled SAOGRO PUMASAPP.
   779 | D:1      | 779 ||| READING scroll labelled ZETIOPTOZIS.
   780 | D:1      | 780 ||| READING scroll labelled JAEDUIPAED.
   785 | D:1      | 785 ||| DRINKING 2 orange potions.
   786 | D:1      | 786 ||| DROPPING potion of brilliance.
  1227 | D:2      | 1227 ||| Stepping ~*~*~tactically~*~*~ (stealth).
  1230 | D:2      | 1230 ||| Stepping ~*~*~tactically~*~*~ (stealth).
  1241 | D:2      | 1241 ||| FLEEEEING.
  1242 | D:2      | 1242 ||| FLEEEEING.
  1244 | D:2      | 1244 ||| FLEEEEING.
  1245 | D:2      | 1245 ||| FLEEEEING.
  1246 | D:2      | 1246 ||| FLEEEEING.
  1247 | D:2      | 1247 ||| FLEEEEING.
  1248 | D:2      | 1248 ||| FLEEEEING.
  1249 | D:2      | 1249 ||| FLEEEEING.
  1250 | D:2      | 1250 ||| FLEEEEING.
  1251 | D:2      | 1251 ||| STAIRDANCE
  1284 | D:1      | 1284 ||| UPGRADING to ring of positive energy.
  1285 | D:1      | 1285 ||| READING 2 scrolls labelled YHENIFE QIWO.
  1286 | D:1      | 1286 ||| READING scroll labelled QAIZET NUHIOQ.
  1287 | D:1      | 1287 ||| READING scroll labelled BECSOF MEUSUEH.
  1288 | D:1      | 1288 ||| DROPPING scroll of fear.
  1298 | D:2      | 1298 ||| Stepping ~*~*~tactically~*~*~ (stealth).
  1299 | D:2      | 1299 ||| Stepping ~*~*~tactically~*~*~ (stealth).
  1309 | D:2      | 1309 ||| Stepping ~*~*~tactically~*~*~ (stealth).
  1444 | D:2      | Reached XP level 4. HP: 28/28 MP: 4/4
  1448 | D:2      | 1448 ||| UPGRADING to +2 scale mail of fire resistance.
  1458 | D:2      | 1458 ||| DROPPING +0 scale mail.
  1459 | D:2      | 1459 ||| READING scroll labelled UCSUPI NUIFAMN.
  1460 | D:2      | 1460 ||| DRINKING 2 smoky brown potions.
  1461 | D:2      | 1461 ||| DRINKING 2 glowing ruby potions.
  1493 | D:2      | 1493 ||| READING 2 scrolls of identify.
  1493 | D:2      | 1493 ||| IDENTIFYING glowing sapphire potion
  1531 | D:3      | 1531 ||| PLANNING SEWER
  1532 | D:3      | 1532 ||| STAIRDANCE
  1544 | D:3      | 1544 ||| STAIRDANCE
  1553 | D:3      | 1553 ||| STAIRDANCE
  1572 | D:3      | Reached skill level 4 in Axes
  1626 | D:3      | Noticed Jessica
  1637 | D:3      | Killed Jessica
  1651 | D:3      | Reached XP level 5. HP: 31/32 MP: 5/5
  1690 | D:3      | 1690 ||| Stepping ~*~*~tactically~*~*~ (stealth).
  1691 | D:3      | 1691 ||| Stepping ~*~*~tactically~*~*~ (stealth).
  1743 | D:3      | 1743 ||| Stepping ~*~*~tactically~*~*~ (stealth).
  1753 | D:3      | 1753 ||| Stepping ~*~*~tactically~*~*~ (stealth).
  1792 | D:3      | Identified the +2 pair of gloves of Winter {rF+ Int+2
                  | Dex+2}
  1837 | D:3      | 1837 ||| Stepping ~*~*~tactically~*~*~ (stealth).
  1839 | D:3      | 1839 ||| Stepping ~*~*~tactically~*~*~ (hiding).
  1864 | D:3      | Reached skill level 5 in Axes
  2124 | D:3      | Found a faded altar of an unknown god.
  2139 | D:3      | 2139 ||| RIP SEWER
  2166 | D:3      | 2166 ||| PLANNING D:1-11
  2341 | D:3      | 2341 ||| Stepping ~*~*~tactically~*~*~ (stealth).
  2399 | D:3      | 2399 ||| READING scroll of brand weapon.
  2399 | D:3      | 2399 ||| BRANDING +0 vorpal war axe.
  2435 | D:3      | 2435 ||| UPGRADING to +2 pair of gloves of Winter {rF+
                  | Int+2 Dex+2}.
  2440 | D:3      | 2440 ||| UPGRADING to +4 ring of protection.
  2441 | D:3      | 2441 ||| READING scroll labelled JIEXUNT SAHUIFF.
  2442 | D:3      | 2442 ||| DRINKING 2 puce potions.
  2443 | D:3      | 2443 ||| READING 4 scrolls of identify.
  2443 | D:3      | 2443 ||| IDENTIFYING blue potion
  2444 | D:3      | 2444 ||| DROPPING potion of invisibility.
  2445 | D:3      | 2445 ||| DROPPING potion of degeneration.
  2508 | D:4      | 2508 ||| Stepping ~*~*~tactically~*~*~ (hiding).
  2565 | D:4      | 2565 ||| Stepping ~*~*~tactically~*~*~ (stealth).
  2567 | D:4      | 2567 ||| Stepping ~*~*~tactically~*~*~ (hiding).
  2586 | D:4      | Killed from afar by an orc priest

Levels and vault maps discovered:
D:1:      saegor_arrival_simple_b, layout_loops_ring, serial_shops,
          nicolae_shop_crystal
D:2:      layout_rooms, minmay_fractal_squares_gapless_5
D:3:      layout_rooms, shapermc_ecumenical_altar_hornbeckon,
          lightli_sewer_entry_pipes, st_stairs_14, chequers_jeans,
          nicolae_underground_beach, uniq_jessica
D:4:      cheibrodos_pilgrimage, layout_loops_ring, fedhas_ov_isle_minmay

Skill      XL: |  1  2  3  4  5 |
---------------+----------------+-----
Axes           | 2 3 4 5 |  5.0
Fighting       | |  3.8
Armour         | |  3.2
Shields        | |  3.2

Action                   |  1- 3 |  4- 6 || total
-------------------------+-------+-------++-------
Melee: War axe           |   113 |   121 ||   234
  Use: Scroll            |     6 |     5 ||    11
       Potion            |     1 |     3 ||     4
Armor: Scale mail        |    42 |    62 ||   104
Dodge: Dodged            |    42 |    38 ||    80
Block: Buckler           |    20 |    17 ||    37

Table legend:
 A = Non-vault XP
 B = Vault XP
 C = Vault XP percentage of total XP
 D = Non-vault monster count
 E = Vault monster count
 F = Vault count percentage of total count
                 A         B        C        D         E       F
            +---------+---------+-------+---------+---------+-------
      Total |     183 |      95 |  34.2 |      63 |      19 |  23.2
            +---------+---------+-------+---------+---------+-------
        D:1 |      43 |       0 |   0.0 |      25 |       0 |   0.0
        D:2 |      43 |      12 |  21.8 |      17 |       7 |  29.2
        D:3 |      89 |      68 |  43.3 |      18 |       7 |  28.0
        D:4 |       8 |      15 |  65.2 |       3 |       5 |  62.5
            +---------+---------+-------+---------+---------+-------
